 Dungeon Sprint DCSS version 0.30-a0-808-g6e0788376e (webtiles) character file.

Game seed: 2128178144860346712

1705 rocky1 the Impaler (level 9, -1/112 HPs)
             Began as a Merfolk Gladiator on Feb 26, 2023.
             Was a Priest of Qazlal.
             Slain by a polar bear (4 damage)
             ... in the Dungeon (Sprint II: "The Violet Keep of Menkaure").
             The game lasted 00:05:02 (570 turns).

rocky1 the Impaler (Merfolk Gladiator)               Turns: 570, Time: 00:05:03

Health: -1/112     AC:  4    Str: 18    XL:     9   Next: 3%
Magic:  10/13      EV: 24    Int:  7    God:    Qazlal [***...]
Gold:   18         SH:  3    Dex: 16    Spells: 8/8 levels left

rFire   . . .      SeeInvis .    a - +0 trident
rCold   . . .      Faith    .    (no shield)
rNeg    . . .      Spirit   .    b - +0 leather armour
rPois   .          Reflect  .    c - +0 helmet
rElec   .          Harm     .    (no cloak)
rCorr   .          Rampage  .    (no gloves)
Will    .....      NoTele   +    (boots currently unavailable) Stlth
                                 (no amulet)
HPRegen 0.38/turn                (no ring)
MPRegen 0.13/turn                (no ring)

@: berserking (expiring), lethally poisoned (-1 -> -3), hasted, very quick
A: nimble swimmer 2, mertail
a: Renounce Religion, Upheaval, Elemental Force


You were in the Dungeon.
You worshipped Qazlal.
Qazlal was most pleased with you.
You visited 1 branch You collected 486 gold pieces.
You spent 468 gold pieces at shops.

Inventory:

Hand Weapons
 a - a +0 trident (weapon)
Missiles
 g - 4 silver javelins (quivered)
Armour
 b - a +0 leather armour (worn)
 c - a +0 helmet (worn)
Scrolls
 k - a scroll of blinking
Potions
 i - 2 potions of magic


   Skills:
 + Level 8.8 Fighting
 + Level 15.1 Polearms
 - Level 5.3 Throwing
 + Level 4.2 Armour
 + Level 14.2 Dodging
 - Level 1.1 Stealth
 + Level 5.4 Invocations


You had 8 spell levels left.
You didn't know any spells.
Your spell library was empty.

Dungeon Overview and Level Annotations

Branches:
Dungeon (1/1)

Altars:
Cheibriados
Dithmenos
Elyvilon
Fedhas
Gozag
Hepliaklqana
Kikubaaqudgha
Makhleb
Nemelex Xobeh
Okawaru
Qazlal
Ru
Sif Muna
Trog
Uskayaw
Vehumet
Wu Jian
Xom
Yredelemnul
Zin
The Shining One
Jiyva
Lugonu

Shops:
D :!=(:([!!([!?=!

Annotations:
D exclusion: oklob plant, Roxanne


Innate Abilities, Weirdness & Mutations

You are very nimble when in or above water. (Stealth+, EV+, Speed+++)
Your lower body shifts to a powerful aquatic tail in water.


Message History

You kill the yaktaur!
Qazlal accepts your kill.
You can now give life to nearby clouds.
You hear a splash.
You feel sick.
Your Polearms skill increases to level 15!
Your Armour skill increases to level 4!
Your Dodging skill increases to level 14!
Your Invocations skill increases to level 5!
You have reached level 9!
Your experience leads to an increase in your attributes!
Increase (S)trength, (I)ntelligence, or (D)exterity?
You feel stronger. x2
Unknown command.
You puncture the polar bear!
The polar bear is moderately wounded.
You barely miss the polar bear.
The polar bear is moderately wounded.
You feel sick.
You puncture the polar bear!
The polar bear is heavily wounded.
The polar bear barely misses you. The polar bear claws you.
* * * LOW HITPOINT WARNING * * *
The polar bear closely misses you.
You hit the polar bear.
Your tail-slap misses the polar bear.
Your punch misses the polar bear.
The polar bear is severely wounded.
* * * LOW HITPOINT WARNING * * *
You feel sick.
You barely miss the polar bear.
The polar bear is severely wounded.
The polar bear completely misses you. The polar bear closely misses you.
You block the polar bear's attack.
You puncture the polar bear!
Your tail-slap misses the polar bear.
The polar bear is almost dead.
* * * LOW HITPOINT WARNING * * *
You feel sick.
You barely miss the polar bear.
The polar bear is almost dead.
The polar bear completely misses you. The polar bear claws you.
You die...

#.. ##.#### +.##.
)▓$):([!)( .# ...# ...#
##▓)($[?))) ### ..## #..#
$#▓$?[!![(! #.##..# +^.#
c#▓:$!?!!?! ###.#..# #..#
h#▓!!))??)$
†.##+..####..##.#▓!$((??$[
#...#....###...##▓▓▓▓▓▓▓+▓
##.##......(~~~h@†~~~~~~..
###~§..§..~#'########+###
.#~~~§~~~..~#.._._._.#S§§#
##§~~~§~~~§~#._._._..#S~≈§
#§~~≈≈§~§~~§#_._._._.#~§§§
~~~~~§§§≈§§~#._._._._#§~§≈
++#~≈≈≈≈≈§§§#.._._._.#~§§~
§ ##≈§≈###§§#..._._._#~§~~
§.§##§≈# #§≈#...._._.#~


You could see a polar bear and 2 water moccasins.

Vanquished Creatures
  A merfolk siren (D)
  A yaktaur (D)
  2 polar bears (D)
  A hornet (D)
  A blink frog (D)
  A water moccasin (D)
  4 necrophages (D)
  3 worms (D)
14 creatures vanquished.

Vanquished Creatures (others)
  Menkaure (D)
  A water moccasin (D)
2 creatures vanquished.

Grand Total: 16 creatures vanquished

Notes
Turn   | Place    | Note
-------+----------+-------------------------------------------
     0 | D        | rocky1 the Merfolk Gladiator began the quest for the Orb.
     0 | D        | Reached XP level 1. HP: 16/16 MP: 1/1
     1 | D        | Noticed a merfolk siren
    36 | D        | Killed a merfolk siren
    37 | D        | Reached skill level 5 in Fighting
    37 | D        | Reached skill level 11 in Polearms
    37 | D        | Reached XP level 2. HP: 27/27 MP: 2/2
    37 | D        | Reached XP level 3. HP: 33/33 MP: 3/3
    37 | D        | Reached XP level 4. HP: 39/39 MP: 4/4
    37 | D        | Reached XP level 5. HP: 44/44 MP: 5/5
    37 | D        | Reached XP level 6. HP: 51/51 MP: 6/6
    64 | D        | Killed a water moccasin
    69 | D        | Noticed Menkaure
    72 | D        | Killed Menkaure
    77 | D        | Found a hazy altar of Hepliaklqana.
    77 | D        | Found a snail-covered altar of Cheibriados.
    78 | D        | Found a stormy altar of Qazlal.
    78 | D        | Found a viscous altar of Jiyva.
    78 | D        | Found a shadowy altar of Dithmenos.
    79 | D        | Found a sacrificial altar of Ru.
    79 | D        | Found an ancient bone altar of Kikubaaqudgha.
    79 | D        | Found a white marble altar of Elyvilon.
    80 | D        | Found an ornate altar of the Wu Jian Council.
    80 | D        | Found a shimmering blue altar of Sif Muna.
    80 | D        | Found a corrupted altar of Lugonu.
    81 | D        | Found a shimmering altar of Xom.
    81 | D        | Found a bloodstained altar of Trog.
    81 | D        | Found a burning altar of Makhleb.
    82 | D        | Found a glowing golden altar of the Shining One.
    82 | D        | Found a basalt altar of Yredelemnul.
    82 | D        | Found a hide-covered altar of Uskayaw.
    84 | D        | Found a glowing silver altar of Zin.
    84 | D        | Found a radiant altar of Vehumet.
    84 | D        | Found a blossoming altar of Fedhas.
    84 | D        | Found a sparkling altar of Nemelex Xobeh.
    85 | D        | Found an opulent altar of Gozag.
    85 | D        | Found an iron altar of Okawaru.
    87 | D        | Became a worshipper of Qazlal Stormbringer
   117 | D        | Noticed a boulder beetle
   117 | D        | Noticed a boulder beetle
   134 | D        | Reached skill level 12 in Polearms
   138 | D        | Reached skill level 1 in Armour
   138 | D        | Reached XP level 7. HP: 49/57 MP: 7/7
   148 | D        | Reached * piety under Qazlal
   149 | D        | Reached skill level 13 in Polearms
   149 | D        | Reached skill level 5 in Throwing
   228 | D        | Found Revo's Jewellery Emporium.
   228 | D        | Found Desummot's Antique Weapon Shoppe.
   228 | D        | Found Xero's Distillery.
   228 | D        | Found Wuxu's Distillery.
   228 | D        | Found Elyc's Distillery.
   228 | D        | Found Xuog's Antique Armour Emporium.
   229 | D        | Found Syeleddi's Book Shoppe.
   229 | D        | Found Buriofof's Weapon Emporium.
   229 | D        | Found Wehisasu's Distillery.
   229 | D        | Found Veintano's Antique Armour Emporium.
   230 | D        | Found Evoisaf's Jewellery Shoppe.
   230 | D        | Found Tibbob's Distillery.
   231 | D        | Found Wutaf's Magic Scroll Shoppe.
   231 | D        | Found Mopleova's Weapon Emporium.
   231 | D        | Noticed a manticore
   232 | D        | Noticed a manticore
   232 | D        | Noticed a manticore
   232 | D        | Noticed an oklob plant
   245 | D        | Reached skill level 1 in Stealth
   250 | D        | Found Qiuvves's Book Shoppe.
   261 | D        | Noticed an iron elemental
   263 | D        | Bought 4 silver javelins for 468 gold pieces
   301 | D        | Noticed a blink frog
   332 | D        | Killed a blink frog
   332 | D        | Reached ** piety under Qazlal
   333 | D        | Reached skill level 14 in Polearms
   333 | D        | Reached XP level 8. HP: 23/67 MP: 7/9
   487 | D        | Identified Roxanne's Guide on Permutations
   487 | D        | Noticed Roxanne
   502 | D        | Noticed a polar bear
   508 | D        | Noticed a polar bear
   509 | D        | Noticed a yaktaur
   509 | D        | Noticed a hornet
   509 | D        | Noticed a polar bear
   542 | D        | Killed a polar bear
   546 | D        | Killed a polar bear
   558 | D        | Killed a hornet
   563 | D        | Killed a yaktaur
   563 | D        | Reached *** piety under Qazlal
   563 | D        | HP: 5/103 [poisoned by a hornet]
   564 | D        | Reached skill level 15 in Polearms
   564 | D        | Reached skill level 5 in Invocations
   564 | D        | Reached XP level 9. HP: 5/75 MP: 10/13
   569 | D        | HP: 2/112 [poisoned by a hornet]
   570 | D        | Slain by a polar bear

Illustrated notes

Levels and vault maps discovered:
D:        the_violet_keep_of_menkaure [sprint2_stairs_cluster_1,
          sprint2_shoproom, sprint2_temple, sprint2_basic_supplies,
          sprint2_obstacle_6, sprint2_obstacle_5, sprint2_obstacle_2,
          sprint2_obstacle_7, sprint2_obstacle_3, sprint2_timed_cluster_1,
          sprint2_smallroom_cluster_1, sprint2_smallroom_final_cluster_1,
          sprint2_transparent_cluster_1, sprint2_second_timed_cluster_1,
          sprint2_sniper_area_1, sprint2_heavy_combat_area_1,
          sprint2_mutation_trap_area_1, sprint2_forest_area_1,
          sprint2_light_combat_area_1, sprint2_behind_water_1,
          sprint2_near_end_vault_1]

Skill      XL: |  1  2  3  4  5  6  7  8 |
---------------+-------------------------+-----
Fighting       | 5 7 8 |  8.8
Polearms       | 11 12 14 15 | 15.1
Throwing       | 4 5 |  5.3
Dodging        | 11 12 13 14 | 14.2
Armour         | 1 2 4 |  4.2
Stealth        | 1 |  1.1
Invocations    | 2 5 |  5.4

Action                     |  1- 3 |  4- 6 |  7- 9 || total
---------------------------+-------+-------+-------++-------
  Melee: Trident           |    32 |    33 |    94 ||   159
         Tailslap          |       |       |     6 ||     6
         Punch             |       |       |     1 ||     1
  Throw: Throwing net      |       |       |     3 ||     3
         Javelin           |       |       |     1 ||     1
    Use: Potion            |     1 |       |     3 ||     4
   Stab: Sleeping          |       |     1 |       ||     1
         Held in net/web   |       |       |     2 ||     2
 Armour: Leather armour    |       |       |     4 ||     4
  Dodge: Dodged            |     4 |     8 |    63 ||    75
  Block: Other             |       |       |     4 ||     4

Table legend: (Time is in decaauts)
 A = Elapsed time spent in this place.
 B = Non-inter-level travel time spent in this place.
 C = Inter-level travel time spent in this place.
 D = Time resting spent in this place.
 E = Time spent auto-exploring this place.
 F = Levels seen in this place.
 G = Mean time per level.
                   A        B        C        D        E       F      G
               +--------+--------+--------+--------+--------+-----+--------+
         Total |    493 |    493 |      0 |    205 |      0 |   1 |  493.0 |
       Dungeon |    493 |    493 |      0 |    205 |      0 |   1 |  493.0 |
               +--------+--------+--------+--------+--------+-----+--------+

Top non-repeatable levels by time:
       D: 493 daAuts
